Map: Abyssal Reef LE

Players

killerpomo

  • Race: Protoss Protoss
  • League: Master
  • Spawn Location: 5:00

Vlad - Winner!

  • Race: Zerg Zerg
  • League: Diamond
  • Spawn Location: 11:00

VOD

Have the link to the VOD?

Description

Time

  • Played on: May 13, 2017, 11:48 a.m.
  • Length: 16:27
Show
View Real Time Build Order
Export as new Build Order

killerpomo Protoss 

Build Orders: 1 Gate Expand 

Get SALT Encoding   

  12  0:01  Probe (Chrono Boost)  
  13  0:11  Probe (Chrono Boost)  
  14  0:19  Pylon  
  14  0:24  Probe (Chrono Boost)  
  15  0:37  Probe (Chrono Boost)  
  15  0:42  Gateway  
  16  0:53  Probe (Chrono Boost)  
  17  1:04  Pylon  
  17  1:23  Nexus  
  17  1:29  Cybernetics Core  
  17  1:33  Assimilator  
  17  1:35  Probe (Chrono Boost)  
  18  1:45  Probe (Chrono Boost)  
  19  1:48  Assimilator  
  19  1:56  Probe (Chrono Boost)  
  20  2:06  Probe (Chrono Boost)  
  20  2:07  Adept  
  23  2:17  Probe (Chrono Boost)  
  23  2:20  Warp Gate  
  24  2:28  Probe (Chrono Boost)  
  25  2:30  Pylon  
  25  2:34  Adept  
  25  2:35  Probe (Chrono Boost)  
  28  2:38  Probe (Chrono Boost)  
  29  2:46  Probe (Chrono Boost)  
  29  2:49  Robotics Facility, Probe (Chrono Boost)  
  31  2:56  Probe (Chrono Boost)  
  32  2:59  Probe (Chrono Boost)  
  33  3:07  Probe (Chrono Boost)  
  33  3:10  Probe (Chrono Boost)  
  35  3:15  Twilight Council  
  35  3:17  Probe (Chrono Boost)  
  36  3:20  Probe (Chrono Boost)  
  37  3:27  Gateway  
  37  3:28  Probe (Chrono Boost)  
  37  3:31  Probe (Chrono Boost)  
  39  3:35  Gateway  
  39  3:37  Observer  
  39  3:38  Resonating Glaives  
  39  3:39  Probe (Chrono Boost)  
  41  3:41  Probe (Chrono Boost)  
  41  3:46  Gateway  
  42  3:49  Probe (Chrono Boost)  
  42  3:53  Probe (Chrono Boost)  
  44  3:58  Observer  
  44  4:00  Assimilator, Probe (Chrono Boost)  
  44  4:02  Assimilator  
  46  4:05  Probe (Chrono Boost)  
  46  4:06  Pylon  
  47  4:10  Probe (Chrono Boost)  
  49  4:17  Probe (Chrono Boost)  
  49  4:21  Probe (Chrono Boost)  
  50  4:29  Probe (Chrono Boost), Immortal  
  55  4:36  Pylon  
  55  4:39  Pylon  
  55  4:41  Stalker  
  55  4:42  Stalker  
  55  4:43  Mothership Core (Chrono Boost)  
  61  4:54  Stalker x2  
  65  5:03  Blink  
  65  5:11  Pylon  
  65  5:14  Pylon  
  65  5:16  Stalker x2  
  69  5:29  Pylon  
  69  5:38  Pylon  
  69  5:45  Nexus  
  69  5:46  Immortal  
  69  5:47  Pylon x2  
  69  5:49  Pylon  
  73  6:00  Gateway x2  
  73  6:18  Stalker x3, Forge  
  79  6:21  Stalker, Forge  
  79  6:25  Probe (Chrono Boost)  
  83  6:26  Probe (Chrono Boost)  
  83  6:35  Probe (Chrono Boost)  
  83  6:38  Probe (Chrono Boost)  
  85  6:44  Protoss Ground Armor Level 1, Protoss Ground Weapons Level 1  
  85  6:46  Probe (Chrono Boost)  
  86  6:49  Adept x4  
  86  6:50  Probe (Chrono Boost)  
  95  6:57  Probe (Chrono Boost)  
  97  7:02  Probe (Chrono Boost)  
  97  7:03  Pylon  
  97  7:06  Probe (Chrono Boost)  
  99  7:09  Probe (Chrono Boost)  
  99  7:14  Probe (Chrono Boost)  
  100  7:17  Probe (Chrono Boost)  
  100  7:22  Assimilator x2, Probe (Chrono Boost)  
  102  7:26  Probe (Chrono Boost)  
  102  7:27  Pylon, Probe (Chrono Boost)  
  102  7:29  Adept  
  106  7:30  Adept x4  
  106  7:34  Probe (Chrono Boost)  
  116  7:38  Probe x2 (Chrono Boost)  
  117  7:46  Robotics Bay, Probe (Chrono Boost)  
  118  7:52  Probe (Chrono Boost)  
  118  7:54  Probe (Chrono Boost)  
  118  7:56  Gateway x2  
  120  7:59  Gateway  
  120  8:01  Gateway  
  109  8:14  Probe (Chrono Boost)  
  109  8:15  Probe (Chrono Boost)  
  109  8:16  Probe (Chrono Boost)  
  111  8:22  Nexus  
  111  8:25  Probe (Chrono Boost)  
  111  8:26  Probe (Chrono Boost)  
  114  8:28  Probe (Chrono Boost)  
  114  8:29  Protoss Ground Weapons Level 2  
  114  8:30  Protoss Ground Armor Level 2  
  114  8:36  Photon Cannon  
  114  8:37  Photon Cannon  
  114  8:38  Probe (Chrono Boost)  
  114  8:40  Probe (Chrono Boost)  
  116  8:43  Photon Cannon  
  116  8:50  Probe (Chrono Boost)  
  118  9:02  Probe (Chrono Boost)  
  116  9:11  Stalker x3  
  116  9:12  Stalker x4  
  122  9:19  Pylon x2  
  122  9:23  Pylon  
  120  9:37  Adept x4  
  120  9:38  Adept x3  
  118  9:47  Stalker x3  
  124  9:57  Disruptor  
  114  10:04  Robotics Facility  
  117  10:14  Adept  
  117  10:15  Zealot x4  
  117  10:18  Sentry  
  117  10:19  Sentry x2  
  133  10:26  Gateway  
  133  10:28  Disruptor  
  133  10:30  Gateway  
  133  10:35  Sentry x3  
  140  10:36  Sentry  
  144  10:47  Disruptor  
  147  10:57  Adept  
  147  10:58  Adept x6  
  147  10:59  Disruptor, Adept  
  166  11:18  Disruptor  
  169  11:26  Adept x2  
  169  11:27  Adept x6  
  169  11:28  Adept  
  175  11:35  Probe (Chrono Boost)  
  175  11:38  Probe (Chrono Boost)  
  178  11:47  Probe (Chrono Boost)  
  178  11:50  Probe (Chrono Boost)  
  179  12:00  Probe (Chrono Boost)  
  163  12:02  Probe (Chrono Boost)  
  161  12:10  Stalker x2  
  161  12:11  Stalker x5  
  161  12:12  Stalker x3, Probe (Chrono Boost)  
  161  12:14  Probe (Chrono Boost)  
  123  12:24  Probe (Chrono Boost)  
  123  12:26  Probe (Chrono Boost)  
  123  12:29  Adept x2  
  101  12:33  Adept  
  101  12:34  Adept x5  
  101  12:35  Adept  
  101  12:36  Disruptor, Probe (Chrono Boost)  
  87  12:49  Adept x3  
  87  12:50  Adept  
  87  12:51  Adept  
  85  12:54  Adept x2  
  81  12:59  Adept  
  81  13:03  Adept x2  
  86  13:08  Disruptor, Adept x2  
  86  13:09  Adept  
  92  13:19  Stalker  
  97  13:26  Stalker  
  99  13:27  Stalker x3  
  93  13:45  Adept x5  
  93  13:46  Adept x3  
  93  13:47  Disruptor  
  94  13:56  Probe (Chrono Boost)  
  94  14:00  Adept x3  
  100  14:08  Probe (Chrono Boost)  
  101  14:17  Nexus  
  101  14:18  Immortal  
  101  14:22  Mothership Core (Chrono Boost)  
  107  14:24  Disruptor  
  107  14:25  Pylon  
  110  14:37  Stalker x2  
  110  14:38  Stalker  
  116  14:49  Photon Cannon  
  116  14:50  Photon Cannon  
  116  14:52  Stalker  
  116  14:53  Stalker  
  120  15:02  Adept x4  
  98  15:07  Probe (Chrono Boost)  
  98  15:12  Probe (Chrono Boost)  
  99  15:18  Probe (Chrono Boost)  
  99  15:19  Probe (Chrono Boost)  
  101  15:24  Probe (Chrono Boost)  
  102  15:30  Probe (Chrono Boost)  
  102  15:34  Stalker x2  
  108  15:43  Probe (Chrono Boost)  
  108  15:49  Pylon x2  
  108  16:02  Stalker x2  
  108  16:03  Stalker x3  
  108  16:04  Stalker  
  113  16:17  Adept  
  113  16:18  Adept x4  
Show
View Real Time Build Order
Export as new Build Order

Vlad Zerg - Winner!

Build Orders: Hatch First 

Get SALT Encoding   

  12  0:01  Drone  
  13  0:12  Overlord  
  13  0:19  Drone  
  14  0:31  Drone x2  
  16  0:52  Hatchery, Drone  
  16  0:55  Drone  
  17  0:59  Drone  
  18  1:12  Spawning Pool  
  18  1:14  Extractor  
  18  1:17  Drone  
  17  1:20  Drone  
  18  1:28  Drone  
  19  1:39  Overlord  
  19  1:59  Queen  
  19  2:00  Zergling x2  
  19  2:01  Zergling x2  
  23  2:03  Queen  
  23  2:04  Drone  
  26  2:11  Drone  
  26  2:13  Metabolic Boost  
  27  2:18  Drone  
  28  2:29  Drone  
  29  2:39  Hatchery  
  28  2:44  Queen  
  28  2:49  Drone  
  28  2:50  Drone  
  32  2:53  Drone  
  33  2:59  Overlord  
  33  3:02  Drone  
  33  3:03  Drone  
  35  3:10  Drone  
  36  3:18  Overlord  
  36  3:20  Queen  
  36  3:21  Drone x2  
  40  3:27  Drone  
  40  3:28  Drone x2  
  40  3:29  Drone  
  44  3:37  Overlord x2  
  44  3:39  Drone  
  45  3:44  Drone x3  
  48  3:50  Lair  
  48  3:56  Queen  
  48  3:59  Extractor  
  48  4:01  Extractor  
  48  4:02  Queen  
  50  4:09  Baneling Nest  
  49  4:10  Drone  
  49  4:11  Evolution Chamber  
  49  4:17  Zergling x2  
  49  4:18  Zergling x6  
  53  4:28  Zergling x2  
  53  4:29  Zergling x12  
  60  4:40  Queen  
  60  4:42  Drone  
  60  4:43  Drone x4  
  67  4:46  Overlord, Extractor  
  66  4:54  Drone  
  66  4:55  Drone  
  66  4:56  Drone x2  
  66  4:59  Centrifical Hooks  
  70  5:04  Evolution Chamber, Drone  
  70  5:07  Drone x2  
  72  5:17  Drone x2  
  72  5:18  Drone x3  
  72  5:20  Baneling x4  
  77  5:26  Overseer  
  77  5:33  Drone x5  
  82  5:47  Baneling x5  
  82  5:48  Baneling  
  82  5:49  Overlord x4  
  82  6:04  Overseer  
  82  6:09  Extractor, Zergling x14  
  82  6:10  Zergling x12  
  94  6:13  Zerg Melee Weapons Level 1, Extractor  
  94  6:16  Hatchery  
  92  6:20  Hydralisk Den  
  92  6:24  Overlord  
  91  6:26  Zergling x6  
  91  6:27  Zergling x2  
  91  6:30  Baneling x4  
  95  6:33  Baneling  
  95  6:44  Pneumatized Carapace  
  95  6:52  Spore Crawler  
  94  6:54  Zerg Missile Weapons Level 1  
  94  7:00  Zergling x2  
  94  7:01  Zergling x12  
  97  7:16  Baneling  
  97  7:17  Baneling x11  
  97  7:18  Baneling  
  97  7:19  Baneling  
  97  7:23  Drone x13  
  97  7:27  Queen  
  112  7:39  Hydralisk  
  112  7:40  Hydralisk x3  
  120  7:49  Overlord x4  
  120  7:51  Muscular Augments  
  120  8:05  Overlord x3  
  120  8:06  Overlord x2, Queen  
  118  8:14  Hydralisk x7  
  132  8:31  Zerg Ground Armor Level 1  
  132  8:32  Infestation Pit  
  131  8:36  Extractor  
  131  8:37  Extractor  
  129  8:41  Zergling x2  
  129  8:42  Zergling x20  
  129  8:44  Baneling x5  
  129  8:45  Baneling x2  
  140  8:58  Hydralisk x4  
  144  9:11  Hydralisk x3  
  144  9:12  Hydralisk  
  152  9:19  Baneling x3  
  152  9:37  Overseer  
  134  9:44  Hatchery  
  124  9:46  Zergling x24  
  135  9:53  Lurker Den  
  129  10:14  Zergling x2  
  129  10:15  Zergling x26  
  129  10:18  Baneling x6  
  129  10:19  Baneling x5  
  129  10:20  Hive  
  143  10:22  Hatchery  
  143  10:23  Drone  
  143  10:24  Drone x3  
  146  10:39  Overlord x2  
  146  10:40  Zergling x2  
  146  10:41  Zergling x2  
  146  10:53  Zerg Melee Weapons Level 2, Spire, Zerg Missile Weapons Level 2  
  145  10:59  Zergling x4  
  145  11:00  Zergling x26  
  160  11:23  Zergling x22  
  168  11:38  Zergling x2  
  169  11:41  Baneling  
  169  11:42  Baneling x14  
  169  11:43  Baneling x11  
  169  11:59  Zergling x2  
  169  12:00  Zergling x16  
  165  12:08  Zergling x2  
  163  12:15  Zergling x8  
  140  12:16  Zergling x18  
  141  12:25  Zergling x2  
  141  12:26  Zergling x6  
  132  12:33  Zergling x12  
  129  12:39  Greater Spire  
  122  12:48  Zergling x2  
  122  12:49  Zergling x14  
  104  13:02  Zergling x2  
  104  13:03  Zergling x20  
  114  13:06  Queen  
  114  13:09  Baneling x8  
  114  13:10  Baneling x8  
  116  13:17  Drone  
  116  13:18  Drone x9  
  126  13:22  Baneling x2  
  126  13:23  Baneling x4  
  122  13:36  Zergling x2  
  122  13:37  Zergling x16  
  127  13:47  Zergling x6  
  127  13:48  Zergling x12  
  116  13:54  Zergling x2  
  116  13:55  Zergling x12  
  121  14:00  Queen  
  123  14:04  Corruptor  
  123  14:05  Corruptor x4  
  123  14:07  Baneling  
  123  14:08  Baneling x9  
  123  14:09  Baneling x2  
  133  14:10  Baneling  
  133  14:14  Adrenal Glands  
  133  14:20  Drone  
  133  14:21  Drone x2  
  136  14:26  Baneling x5  
  136  14:27  Baneling x7  
  136  14:28  Baneling  
  136  14:48  Hydralisk x10  
  156  14:55  Zergling x2  
  156  14:56  Zergling x12  
  151  15:08  Zergling x14  
  151  15:09  Zergling x12  
  164  15:17  Brood Lord x2  
  164  15:18  Brood Lord  
  164  15:20  Brood Lord  
  172  15:29  Baneling x8  
  170  16:00  Zergling x18  
  179  16:09  Zergling x2  
  179  16:10  Zergling x2  
Tags
 
Add a new tag
Caveats
  • Supply blocks, unpowered buildings, or Contaminate may cause inaccurate times.
  • Supply counts are checked every 10 seconds.